 Dungeon Crawl Stone Soup version 0.20-a0-464-g526fb3c (webtiles) character file.

12076 Duffy the Martial Artist (level 11, -5/90 HPs)
             Began as a Barachian Transmuter on Jan 11, 2017.
             Was an Elder of Cheibriados.
             Slain by a yak (9 damage)
             ... on level 11 of the Dungeon.
             The game lasted 00:21:46 (18510 turns).

Duffy the Martial Artist (Barachian Transmuter)    Turns: 18510, Time: 00:21:46

Health: -5/90      AC: 16    Str: 25    XL:     11   Next: 87%
Magic:  14/14      EV: 18    Int: 20    God:    Cheibriados [****..]
Gold:   214        SH:  0    Dex: 21    Spells: 5/14 levels left

rFire  + . .     SeeInvis .       - Unarmed
rCold  . . .     Gourm    .     U - +3 scale mail "Pymicimm" {+Fly rF+ Regen+}
rNeg   . . .     Faith    .     (no shield)
rPois  .         Spirit   .     l - +0 helmet
rElec  .         Reflect  .     R - +2 cloak
rCorr  .         Harm     .     (no gloves)
MR     .....                    W - +2 pair of boots {Fly}
Stlth  ..........               (no amulet)
                                (no ring)
                                s - +4 ring of strength

@: flying, very slow
A: swims, slowness 1, strong legs 1
a: Hop, Bend Time, Temporal Distortion, Slouch, Renounce Religion, Stop Flying


You were on level 11 of the Dungeon.
You worshipped Cheibriados.
Cheibriados was greatly pleased with you.
You were not hungry.

You visited 2 branches of the dungeon, and saw 12 of its levels.
You also visited: Ossuary.

You collected 779 gold pieces.
You spent 565 gold pieces at shops.

Inventory:

Missiles
 a - 129 arrows
 g - a throwing net (quivered)
 j - 2 curare-tipped needles
 o - 7 javelins of penetration
 P - 10 steel javelins
Armour
 l - a +0 helmet (worn)
 R - a +2 cloak (worn)
 U - the +3 scale mail "Pymicimm" (worn) {+Fly rF+ Regen+}
   (You bought it in a shop on level 10 of the Dungeon)

   It protects you from fire.
   It lets you fly.
   It increases your rate of regeneration.
 V - the +2 ring mail of Jisiah {rC++}
   (You found it on level 8 of the Dungeon)

   It greatly protects you from cold.
 W - a +2 pair of boots of flying (worn)
 Z - a +1 shield of fire resistance
Jewellery
 s - a +4 ring of strength (left hand)
 H - an uncursed ring of fire
Wands
 y - a wand of polymorph (17/24)
 F - a wand of lightning (5/15)
 G - a wand of random effects (21/48)
 J - a wand of iceblast (1/15)
 N - a wand of digging (9/24)
Scrolls
 b - 4 scrolls of remove curse
 e - 3 scrolls of fear
 i - 2 scrolls of enchant weapon
 k - 6 scrolls of teleportation
 n - 2 scrolls of fog
 p - a scroll of immolation {unknown}
 q - 2 scrolls of enchant armour
 r - 3 scrolls of blinking {unknown}
 w - a scroll of recharging {unknown}
 x - a scroll of amnesia
 E - 4 scrolls of magic mapping {unknown}
 S - a scroll of identify
 X - 2 scrolls of noise {unknown}
Potions
 h - 5 potions of heal wounds
 m - 8 potions of might
 t - 6 potions of curing
 u - 5 potions of lignification
 z - a potion of brilliance {unknown}
 A - a potion of berserk rage {unknown}
 B - 3 potions of agility
 C - 2 potions of cancellation
 K - a potion of degeneration {unknown}
 Q - a potion of ambrosia {unknown}
 T - 2 potions of resistance
Books
 c - a book of Changes

   Spells                             Type                      Level
   a - Beastly Appendage              Transmutation                1
   b - Sticks to Snakes               Transmutation                2
   c - Spider Form                    Transmutation/Poison         3
   d - Ice Form                       Ice/Transmutation            4
   e - Blade Hands                    Transmutation                5
 I - a book of Battle

   Spells                             Type                      Level
   a - Infusion                       Charms                       1
   b - Shroud of Golubria             Charms/Translocation         2
   c - Song of Slaying                Charms                       2
   d - Spectral Weapon                Hexes/Charms                 3
   e - Regeneration                   Charms/Necromancy            3
 L - a book of Conjurations

   Spells                             Type                      Level
   a - Magic Dart                     Conjuration                  1
   b - Searing Ray                    Conjuration                  2
   c - Dazzling Spray                 Conjuration/Hexes            3
   d - Fulminant Prism                Conjuration/Hexes            4
   e - Iskenderun's Mystic Blast      Conjuration                  4
   f - Iskenderun's Battlesphere      Conjuration/Charms           5
 O - a book of Conjurations

   Spells                             Type                      Level
   a - Magic Dart                     Conjuration                  1
   b - Searing Ray                    Conjuration                  2
   c - Dazzling Spray                 Conjuration/Hexes            3
   d - Fulminant Prism                Conjuration/Hexes            4
   e - Iskenderun's Mystic Blast      Conjuration                  4
   f - Iskenderun's Battlesphere      Conjuration/Charms           5
Comestibles
 d - 11 bread rations
 f - 21 fruits
 v - a beef jerky
 D - 6 meat rations


   Skills:
 + Level 9.9 Fighting
 + Level 9.5 Dodging
 + Level 12.1 Unarmed Combat
 - Level 2.0 Spellcasting
 - Level 4.8 Transmutations
 - Level 1.0 Ice Magic
 - Level 3.5 Poison Magic


You had 5 spell levels left.
You knew the following spells:

 Your Spells              Type           Power        Failure   Level  Hunger
a - Spider Form           Tmut/Pois      ###.......   21%         3    ###....
b - Ice Form              Ice/Tmut       ##......     96%         4    #####..
s - Sticks to Snakes      Tmut           ###.....     10%         2    ##.....


Dungeon Overview and Level Annotations

Branches:
Dungeon (11/15)            Temple (1/1) D:7            Lair (0/6) D:11
    Orc (0/2) D:9

Altars:
Ashenzari
Cheibriados
Dithmenos
Elyvilon
Fedhas
Gozag
Hepliaklqana
Kikubaaqudgha
Makhleb
Nemelex Xobeh
Okawaru
Qazlal
Ru
Sif Muna
Trog
Uskayaw
Vehumet
Xom
Yredelemnul
Zin
The Shining One

Shops:
D:10 %[:   D:11 [

Annotations:
D:4 p0werm0de's ghost, amateur BaCK


Innate Abilities, Weirdness & Mutations

You can swim through water.
You cover ground slowly.
You can hop short distances.


Message History

The hippogriff bites you but does no damage.
The hippogriff pecks you but does no damage.
The hippogriff claws you. The yak gores you but does no damage.
The basilisk bites you!
The hippogriff bites you but does no damage.
The hippogriff pecks you but does no damage.
The hippogriff claws you but does no damage.
You turn to flesh and can move again.
Unknown command.
Unknown command.
Unknown command.
You punch the basilisk!
The basilisk is severely wounded.
The yak gores you but does no damage.
You closely miss the basilisk.
The basilisk is severely wounded.
The basilisk bites you but does no damage.
The hippogriff completely misses you. The hippogriff closely misses you.
The hippogriff barely misses you. The yak gores you!
You die...

.....# #......#.........
.....# #......#.........
.....# #....).#.........
.....# +......#.........
.....#
####......#....#####
%##### #......[###....#
%..# . #.......#......#
...#
....#.......#......#
...# #....@####'......#
...#
#.....HlY.###......#
...#
..P........##......#
####
.P..........########
...##.........>.......#
######
#..#......P.............
......
#..#....#...........#...
......
#..#....##.........##...
...... #..#....####
......


You could see a hippogriff, a yak and a basilisk.

Vanquished Creatures
  The ghost of Feta the Cleaver, a novice DrBe of Trog (D:11)
  2 two-headed ogres (D:10)
  A tengu warrior (D:10)
  Pikel (D:5)
  A rime drake (shapeshifter) (D:10)
  A komodo dragon (D:10)
  The ghost of Feta the Ruffian, an amateur DrTm of Makhleb (D:5)
  2 hippogriffs
  Grinder (D:6)
  Sigmund (D:6)
  A vampire (D:11)
  6 yaks (D:11)
  2 wyverns (D:10)
  A wraith (D:10)
  2 basilisks (D:11)
  Menkaure (D:7)
  A soldier ant (D:11)
  2 sky beasts
  2 orc warriors
  3 ice beasts
  4 slaves (D:5)
  6 ogres
  2 phantoms
  The ghost of Feta the Ruffian, an amateur DrTm (D:3)
  3 crocodiles
  5 centaurs
  Blork the orc (D:6)
  4 bullfrogs
  6 water moccasin zombies (Ossuary)
  3 scorpions
  4 howler monkeys
  4 wights
  4 electric eels (D:8)
  10 crimson imps
  4 centaur zombies
  8 hounds
  A quasit (D:11)
  3 jellies
  6 orc priests
  4 bullfrog skeletons
  A gnoll shaman (D:7)
  7 iguanas
  12 worker ants
  9 orc wizards
  2 big kobold zombies (Ossuary)
  A hound zombie (D:5)
  2 hound skeletons
  2 mummies (Ossuary)
  A worker ant zombie (D:5)
  9 gnolls
  15 adders
  7 shadow imps
  2 oozes
  7 adder zombies
  2 worms
  5 dart slugs
  9 leopard geckos
  35 orcs
  6 bats
  5 giant cockroaches
  11 goblins
  6 hobgoblins
  6 jackals
  3 kobolds (D:2)
  3 quokkas
  5 ball pythons
  6 frilled lizards
  A giant cockroach zombie (D:5)
  A gnoll zombie (Ossuary)
  4 hobgoblin zombies (Ossuary)
  A jackal zombie (D:4)
  3 kobold zombies (Ossuary)
  5 orc zombies (Ossuary)
  A quokka skeleton (D:4)
  7 rats
318 creatures vanquished.

Vanquished Creatures (others)
  A fungus (D:11)
1 creature vanquished.

Grand Total: 319 creatures vanquished

Notes
Turn   | Place    | Note
-------+----------+-------------------------------------------
     0 | D:1      | Duffy the Barachian Transmuter began the quest for the Orb.
     0 | D:1      | Reached XP level 1. HP: 15/15 MP: 3/3
   155 | D:1      | Reached XP level 2. HP: 8/21 MP: 5/5
   345 | D:1      | Learned a level 2 spell: Sticks to Snakes
   965 | D:1      | Reached XP level 3. HP: 24/26 MP: 6/6
  1228 | D:1      | Learned a level 3 spell: Spider Form
  2268 | D:2      | Reached skill level 1 in Poison Magic
  2268 | D:2      | Reached XP level 4. HP: 8/32 MP: 0/7
  2603 | D:2      | Reached skill level 4 in Unarmed Combat
  3562 | D:3      | Noticed Feta's ghost (amateur DrTm)
  4119 | D:2      | Reached XP level 5. HP: 35/37 MP: 8/8
  4932 | D:4      | Found a sand-covered staircase.
  4943 | Ossuary  | Entered an ossuary
  5010 | Ossuary  | Reached XP level 6. HP: 38/43 MP: 5/9
  5047 | Ossuary  | Reached skill level 5 in Unarmed Combat
  5461 | Ossuary  | Reached XP level 7. HP: 45/48 MP: 6/10
  6199 | D:4      | Noticed p0werm0de's ghost (amateur BaCK)
  6438 | D:3      | Reached skill level 6 in Unarmed Combat
  6700 | D:4      | Reached XP level 8. HP: 54/54 MP: 7/11
  6731 | D:4      | Learned a level 4 spell: Ice Form
  7103 | D:5      | Entered Level 5 of the Dungeon
  7280 | D:5      | Noticed Pikel
  7659 | D:5      | Killed Pikel
  7659 | D:5      | Reached skill level 5 in Dodging
  7659 | D:5      | Reached skill level 7 in Unarmed Combat
  8046 | D:5      | Noticed Feta's ghost (amateur DrTm)
  8094 | D:5      | Reached skill level 8 in Unarmed Combat
  8094 | D:5      | Reached XP level 9. HP: 53/59 MP: 8/12
  8259 | D:3      | Killed Feta's ghost
  9104 | D:5      | Killed Feta's ghost
  9873 | D:5      | Reached skill level 9 in Unarmed Combat
 10456 | D:6      | Noticed Sigmund
 10478 | D:6      | Killed Sigmund
 10733 | D:6      | Noticed Blork the orc
 10733 | D:6      | Noticed Grinder
 10740 | D:6      | Killed Blork the orc
 10942 | D:6      | Paralysed by Grinder for 3 turns
 10954 | D:6      | Killed Grinder
 10954 | D:6      | Reached skill level 5 in Fighting
 10954 | D:6      | Reached XP level 10. HP: 55/74 MP: 7/13
 11205 | D:6      | Reached skill level 10 in Unarmed Combat
 11841 | D:7      | Noticed Menkaure
 11849 | D:7      | Killed Menkaure
 12629 | D:7      | Found a sacrificial altar of Ru.
 13123 | D:7      | Found a staircase to the Ecumenical Temple.
 13151 | Temple   | Entered the Ecumenical Temple
 13404 | Temple   | Became a worshipper of Cheibriados the Contemplative
 14558 | D:8      | Got a faintly glowing ring mail
 14569 | D:8      | Identified the +2 ring mail of Jisiah {rC++} (You found it on level 8 of the Dungeon)
 14838 | D:8      | Reached * piety under Cheibriados
 15250 | D:9      | Found a staircase to the Orcish Mines.
 15251 | D:9      | Got a steaming robe
 15361 | D:8      | Identified the +1 robe of the Ban {Str+3 Int+2} (You took it off an orc priest on level 9 of the Dungeon)
 15765 | D:9      | Reached skill level 11 in Unarmed Combat
 16049 | D:10     | Entered Level 10 of the Dungeon
 16319 | D:10     | Reached ** piety under Cheibriados
 16319 | D:10     | Reached skill level 1 in Ice Magic
 16382 | D:10     | Found Xouzas's Antique Armour Shop.
 16395 | D:10     | Bought a jewelled scale mail for 261 gold pieces
 16405 | D:10     | Identified the +3 scale mail "Pymicimm" {+Fly rF+ Regen+} (You bought it in a shop on level 10 of the Dungeon)
 16405 | D:10     | Bought a pair of runed boots for 304 gold pieces
 16447 | D:10     | Found Tiq Iguf's Book Shop.
 16657 | D:10     | Noticed a two-headed ogre
 16665 | D:10     | Killed a two-headed ogre
 16665 | D:10     | Reached XP level 11. HP: 60/87 MP: 7/14
 16941 | D:10     | Found Gyleh's Food Boutique.
 17178 | D:10     | Noticed a two-headed ogre
 17183 | D:10     | Killed a two-headed ogre
 17311 | D:10     | Noticed a tengu warrior
 17326 | D:10     | Killed a tengu warrior
 17729 | D:11     | Reached *** piety under Cheibriados
 18124 | D:11     | Reached skill level 12 in Unarmed Combat
 18169 | D:11     | Noticed Feta's ghost (novice DrBe)
 18193 | D:11     | Killed Feta's ghost
 18323 | D:11     | Reached **** piety under Cheibriados
 18394 | D:11     | Found Wudera's Armour Boutique.
 18474 | D:11     | Found a staircase to the Lair.
 18508 | D:11     | HP: 3/90 [basilisk (5)]
 18510 | D:11     | Slain by a yak

Vault maps used:
D:1:      tarquinn_simple_flora_water_a, minmay_shallow_snake_nest
D:2:      grunt_decor_cap
D:3:      first_bread
D:4:      enter_ossuary_3, minmay_item_behind_shaft
D:5:      uniq_pikel
D:6:      uniq_sigmund, uniq_blork_the_orc, uniq_grinder
D:7:      nicolae_ru_awakened_eye, uniq_menkaure
D:8:      serial_bayou, serial_bayou_shore_b, serial_bayou_shore_a,
          serial_bayou_ford_a, serial_bayou_pond_d
D:9:      orc_0_dummy, uniq_prince_ribbit1
D:10:     minmay_curly_fans, serial_shops, nicolae_shop_overgrown_old_shop,
          shop, shop, grunt_tengu_nest
D:11:     david_lair_generic, serial_shops, kennysheep_mini_moat,
          minmay_lizard_king
Temple:   roderic_octagonal_lattice_temple
Ossuary:  ossuary_tomb_2

Skill      XL: |  1  2  3  4  5  6  7  8  9 10 11 |
---------------+----------------------------------+-----
Transmutations | 3 4 |  4.8
Poison Magic   | 1 2 3 |  3.5
Unarmed Combat | 4 5 6 8 9 11 12 | 12.1
Dodging        | 3 6 7 8 9 |  9.5
Fighting       | 5 8 9 |  9.9
Ice Magic      | 1 |  1.0
Spellcasting   | |  2.0

Action                   |  1- 3 |  4- 6 |  7- 9 | 10-12 || total
-------------------------+-------+-------+-------+-------++-------
Melee: Unarmed           |   190 |   222 |   392 |   570 ||  1374
       Punch             |     2 |     3 |     2 |    25 ||    32
Throw: Javelin           |       |       |     2 |       ||     2
       Throwing net      |       |       |     2 |       ||     2
 Cast: Spider Form       |     1 |    19 |    34 |    19 ||    73
 Abil: Hop               |       |     1 |     2 |       ||     3
       End Transformatio |       |       |     1 |       ||     1
Evoke: Wand              |       |       |       |     4 ||     4
  Use: Scroll            |       |     6 |     6 |     6 ||    18
       Potion            |       |       |       |     1 ||     1
 Stab: Distracted        |       |     1 |       |     1 ||     2
  Eat: Chunk             |     5 |     7 |    12 |    15 ||    39
       Royal jelly       |       |     2 |       |     1 ||     3
       Meat ration       |       |     1 |     1 |       ||     2
       Fruit             |       |       |     6 |       ||     6
       Pizza             |       |       |       |     2 ||     2
       Bread ration      |       |       |       |     1 ||     1
Armor: Leather armour    |    41 |    30 |    26 |       ||    97
       Skin              |       |     2 |     5 |    21 ||    28
       Ring mail         |       |       |       |    29 ||    29
       Robe              |       |       |       |    10 ||    10
       Scale mail        |       |       |       |   135 ||   135
Dodge: Dodged            |   129 |   126 |   311 |   449 ||  1015
